 Dungeon Crawl Stone Soup version 0.30-a0-1093-gcfb1e0cf12 (webtiles) character file.

Game seed: 6558010912176776301

3020 Anamonty the Covert (level 9, -2/54 (61) HPs)
             Began as a Vampire Enchanter on Apr 17, 2023.
             Was an Initiate of Gozag.
             Slain by a wight
             ... wielding a +0 spear
              (6 damage)
             ... on level 8 of the Dungeon.
             The game lasted 00:14:53 (7055 turns).

Anamonty the Covert (Vampire Enchanter)             Turns: 7055, Time: 00:14:53

HP:   -2/54 (61)    AC:  4    Str: 10    XL:     9   Next: 55%
MP:   3/16          EV: 15    Int: 17    God:    Gozag
Gold: 331           SH:  0    Dex: 19    Spells: 6/17 levels left

rFire   . . .      SeeInvis +    D - +1 short sword (vamp)
rCold   + . .      Faith    .    (no shield)
rNeg    . . .      Spirit   .    b - +0 robe
rPois   .          Reflect  .    j - +0 helmet
rElec   +          Rampage  .    (no cloak)
rCorr   .                        v - +0 pair of gloves
Will    .....                    (no boots)
Stlth   +++++                    (no amulet)
HPRegen 0.49/turn                F - ring "Biadwed" {Wiz rElec rC+}
MPRegen 0.15/turn                l - ring "Wyrchitz" {+Blink Str+3 SInv}

@: gold aura, healing quickly, heavily drained
A: alive, fangs 3, see invisible, vampiric 2
a: Exsanguinate, Renounce Religion, Evoke Blink, Potion Petition, Call Merchant,
Bribe Branch


You were on level 8 of the Dungeon.
You worshipped Gozag.
Gozag was aware of your devotion.
You visited 2 branches of the dungeon, and saw 9 of its levels.

You collected 520 gold pieces.
You spent 46 gold pieces at shops.
You paid 143 gold pieces to Gozag.

Inventory:

Hand Weapons
 a - a +2 dagger
 k - a +1 dagger of flaming
 D - a +1 vampiric short sword (weapon)
Missiles
 J - a throwing net
Armour
 b - a +0 robe (worn)
 j - a +0 helmet (worn)
 v - a +0 pair of gloves (worn)
Jewellery
 g - a ring of wizardry
 l - the ring "Wyrchitz" (right hand) {+Blink Str+3 SInv}
   (You found it on level 4 of the Dungeon)

   [ring of see invisible]

   Str:       It affects your strength (+3).
   SInv:      It lets you see invisible.
   +Blink:    It lets you blink.
 u - an amulet of the acrobat
 F - the ring "Biadwed" (left hand) {Wiz rElec rC+}
   (You found it on level 5 of the Dungeon)

   [ring of wizardry]

   It improves your spell success rate.
   rC:        It protects you from cold.
   rElec:     It insulates you from electricity.
Wands
 n - a wand of acid (7) (quivered)
 w - a wand of charming (17)
Scrolls
 d - 3 scrolls of fear
 e - a scroll of fog {unknown}
 f - 3 scrolls of amnesia
 h - 2 scrolls of silence
 o - a scroll of summoning {unknown}
 q - a scroll of enchant armour {unknown}
 r - 3 scrolls of noise {unknown}
 s - a scroll of blinking {unknown}
 x - a scroll of teleportation
 y - 2 scrolls of immolation {unknown}
 C - 2 scrolls of identify
 G - 3 scrolls of poison {unknown}
 H - a scroll of magic mapping {unknown}
Potions
 c - a potion of invisibility
 i - a potion of flight
 m - a potion of mutation {unknown}
 p - 2 potions of heal wounds {unknown}
 t - 2 potions of brilliance {unknown}
 z - 2 potions of haste {unknown}
 A - 3 potions of might
 B - 3 potions of curing {unknown}
 E - a potion of magic {unknown}
 I - 2 potions of lignification {unknown}


   Skills:
 + Level 2.2 Fighting
 + Level 5.3 Short Blades
 + Level 5.7 Dodging
 * Level 11.6 Stealth
 + Level 4.8 Spellcasting
 * Level 11.0 Hexes


You had 6 spell levels left.
You knew the following spells:

 Your Spells              Type           Power      Damage    Failure   Level
a - Ensorcelled Hibernat  Hex/Ice        44%        N/A       1%          2
b - Tukima's Dance        Hex            41%        N/A       1%          3
c - Confusing Touch       Hex            41%        N/A       1%          3
d - Dazzling Flash        Conj/Hex       44%        N/A       1%          3

Your spell library contained the following spells:

 Spells                   Type           Power      Damage    Failure   Level
 Freeze                   Ice            16%        1d4       6%          1
 Poisonous Vapours        Pois/Air       8%         N/A       9%          2
 Silence                  Hex/Air        11%        N/A       16%         5
 Frozen Ramparts          Ice            8%         1d2       17%         3
 Hailstorm                Conj/Ice       4%         3d4       17%         3
 Mephitic Cloud           Conj/Pois/Air  4%         N/A       17%         3
 Ice Form                 Ice/Tmut       4%         N/A       47%         4
 Agony                    Necr           4%         N/A       82%         5
 Freezing Cloud           Conj/Ice/Air   2%         6-21      82%         5
 Simulacrum               Ice/Necr       Unusable   N/A       N/A         6

Dungeon Overview and Level Annotations

Branches:
Dungeon (8/15)             Temple (1/1) D:7
   Lair: D:8-11

Altars:
Ashenzari
Cheibriados
Fedhas
Gozag
Hepliaklqana
Kikubaaqudgha
Nemelex Xobeh
Okawaru
Ru
Uskayaw
Vehumet
Wu Jian
Xom
Yredelemnul

Shops:
D:2 ?:?   D:3 ?

Annotations:
D:6 3 runed translucent doors, TheSeeker391's ghost, novice HOFi


Innate Abilities, Weirdness & Mutations

Your natural rate of healing is accelerated.
You have razor-sharp teeth.
You have supernaturally acute eyesight. (SInv)
You are afflicted with vampirism and can become a bat while bloodless.


Message History

You feel drained.
Casting: Tukima's Dance (safe; 1% risk of failure)
Confirm with . or Enter, or press ? or * to list all spells.
Your hands begin to glow red.
The wight hits you.
* * * LOW HITPOINT WARNING * * *
You feel drained.
* * * LOW HITPOINT WARNING * * *
The wight hits you from afar with a +0 spear.
* * * LOW HITPOINT WARNING * * *
You hit the wight but do no damage.
The wight is heavily damaged.
You hit the wight but do no damage.
The wight appears confused.
The wight is heavily damaged.
The wight barely misses you. The wight closely misses you.
The wight barely misses you.
You hit the wight.
The wight is severely damaged.
The wight hits the wight but does no damage.
Your +0 dire flail hits the wight!
The wight is destroyed!
The wight closely misses you.
Your Hexes skill increases to level 11!
You hit the wight.
The wight is severely damaged.
The wight misses you. The wight hits you.
* * * LOW HITPOINT WARNING * * *
You feel drained.
* * * LOW HITPOINT WARNING * * *
Unknown command.
Casting: Confusing Touch (safe; 1% risk of failure)
Confirm with . or Enter, or press ? or * to list all spells.
Aiming: Tukima's Dance (safe; 1% risk of failure)
Press: ? - help, Shift-Dir - straight line, f/p - wight
Aim: a wight, wielding a +0 spear and wearing a +0 robe (chance to affect: 67%)
Your +0 dire flail is unaffected.
Your +0 dire flail hits the wight.
The wight hits your +0 dire flail but does no damage.
The wight hits you from afar with a +0 spear.
You die...
Your body crumbles into a pile of gold.

###...#.## #...#....#
....##..## .....#...#
####### #.......###
##..##.###
##....###.###).$.....#
...<.................##
...###............!...# #
...# #...##.....@$..#.. ..
...##....###....z(.## .#
...###.....#.....)z## ##..#
.......#...###......##....#.
......#......#....$.........
...... ...........##........
. ... .........#..^..... ..
...#[..###......## ...
.###.### #.......#


You could see 2 wights and a friendly +0 dire flail.

Vanquished Creatures
  3 yaks
  A sky beast (D:7)
  3 water moccasins
  An orc warrior (D:7)
  3 ice beasts
  3 ogres
  A centaur (D:7)
  A kobold brigand (D:7)
  2 gnoll sergeants (D:7)
  A scorpion (D:6)
  2 wights
  4 crimson imps (D:5)
  4 jellies
  4 hounds
  2 gnoll boudas
  An iguana (D:6)
  2 sleepcaps
  An orc wizard (D:3)
  Ijyb (D:4)
  Robin (D:4)
  13 gnolls
  5 adders
  2 white imps
  2 worms
  4 dart slugs
  4 orcs
  6 endoplasms
  4 giant cockroaches
  5 hobgoblins
  7 jackals
  2 quokkas
  10 ball pythons
  4 bats
  4 frilled lizards
  11 goblins
  9 kobolds
  8 rats
141 creatures vanquished.

Vanquished Creatures (collateral kills)
  5 wights
  4 gnolls
9 creatures vanquished.

Vanquished Creatures (others)
  7 dancing weapons
7 creatures vanquished.

Grand Total: 157 creatures vanquished

Notes
Turn   | Place    | Note
-------+----------+-------------------------------------------
     0 | D:1      | Anamonty the Vampire Enchanter began the quest for the Orb.
     0 | D:1      | Reached XP level 1. HP: 13/13 MP: 3/3
   141 | D:1      | Reached XP level 2. HP: 19/19 MP: 5/5
   152 | D:1      | Learned a level 2 spell: Ensorcelled Hibernation
   679 | D:1      | Reached skill level 5 in Stealth
   807 | D:1      | Reached skill level 5 in Hexes
   873 | D:1      | Gained mutation: You are afflicted with vampirism and can
                  | become a bat while bloodless. [Vampire growth]
   873 | D:1      | Reached XP level 3. HP: 22/24 MP: 6/6
  1173 | D:2      | Found Viosudd's Magic Scroll Emporium.
  1184 | D:2      | Bought a scroll of identify for 24 gold pieces
  1190 | D:2      | Found a faded altar of an unknown god.
  1311 | D:2      | Found Ucliosk's Book Boutique.
  1586 | D:2      | Found Turr's Magic Scroll Emporium.
  1723 | D:2      | Reached XP level 4. HP: 28/30 MP: 7/7
  1959 | D:3      | Identified the +1 ring mail of the Pits of Slime {+Inv Fly
                  | rElec rCorr}
  2072 | D:3      | Found a sacrificial altar of Ru.
  2121 | D:3      | Found an iron altar of Okawaru.
  2307 | D:3      | Found Elosol's Magic Scroll Shop.
  2367 | D:3      | Bought a scroll of identify for 22 gold pieces
  2548 | D:4      | Reached XP level 5. HP: 35/35 MP: 8/8
  2558 | D:4      | Noticed an ice beast
  2567 | D:4      | Killed an ice beast
  2577 | D:4      | Identified the ring "Wyrchitz" {+Blink Str+3 SInv}
  2581 | D:4      | Noticed Robin
  2582 | D:4      | Noticed Ijyb
  2618 | D:4      | Learned a level 3 spell: Tukima's Dance
  2629 | D:4      | Learned a level 3 spell: Confusing Touch
  2778 | D:4      | Reached XP level 6. HP: 41/41 MP: 10/10
  2779 | D:4      | Found an ornate altar of the Wu Jian Council.
  2922 | D:4      | Killed Robin
  3213 | D:4      | Killed Ijyb
  3242 | D:4      | Found a blossoming altar of Fedhas.
  3368 | D:5      | Entered Level 5 of the Dungeon
  3381 | D:5      | Reached XP level 7. HP: 46/46 MP: 8/11
  3564 | D:5      | Identified the ring "Biadwed" {Wiz rElec rC+}
  3572 | D:5      | Learned a level 3 spell: Dazzling Flash
  3840 | D:5      | Found a shimmering altar of Xom.
  4855 | D:6      | Found an ancient bone altar of Kikubaaqudgha.
  5044 | D:6      | Reached XP level 8. HP: 52/52 MP: 6/13
  5161 | D:6      | Found a runed translucent gate.
  5162 | D:6      | Found a runed translucent gate.
  5162 | D:6      | Found an opulent altar of Gozag.
  5163 | D:6      | Found a runed translucent gate.
  5164 | D:6      | Noticed TheSeeker391's ghost (novice HOFi)
  5166 | D:6      | Noticed a cyclops
  5578 | D:7      | Found a staircase to the Ecumenical Temple.
  5716 | D:7      | Reached skill level 10 in Stealth
  5778 | Temple   | Entered the Ecumenical Temple
  5832 | Temple   | Became a worshipper of Gozag Ym Sagoz the Greedy
  5880 | D:7      | Reached skill level 5 in Dodging
  5897 | D:7      | Reached skill level 1 in Fighting
  6086 | D:7      | Reached skill level 10 in Hexes
  6086 | D:7      | Reached XP level 9. HP: 55/59 MP: 9/15
  6428 | D:6      | Reached skill level 5 in Short Blades
  6978 | D:8      | Found a hide-covered altar of Uskayaw.
  7055 | D:8      | Slain by a wight

Illustrated notes

Levels and vault maps discovered:
D:1:      grunt_arrival_crossed_arrows, layout_basic, corexii_leaking_fountain
D:2:      layout_basic, serial_shops, nicolae_shop_tiny_statue_garden,
          nicolae_shop_just_a_little_nook, nicolae_shop_statue_plus,
          hellmonk_ecumenical_altar_pennies_from_heaven,
          kennysheep_big_empty_room, minmay_misc_feat_columns
D:3:      layout_rooms, nicolae_ru_great_annihilating_truth, elyvilon_altar_1,
          mainiacjoe_overflow_alcove_4, serial_shops,
          nicolae_shop_hallway_stairs
D:4:      layout_cave_pools, old_standard_altar,
          mainiacjoe_overflow_six_doors_small, nicolae_goblin_pals
D:5:      layout_layer_cave, led_xom_imps
D:6:      layout_cave_pools, nicolae_kikubaaqudgha_miasma_corner,
          ebering_ghost_gozag
D:7:      layout_cave_pools, minmay_temple_entry_ruins
D:8:      layout_cave_pools, nicolae_overflow_hidden_temple,
          gammafunk_temple_overflow_wave, enter_bailey_2
Temple:   hellmonk_temple_two_chambers

Skill      XL: |  1  2  3  4  5  6  7  8  9 |
---------------+----------------------------+-----
Stealth        | 5 6 7 9 10 11 | 11.6
Hexes          | 5 6 7 8 10 11 | 11.0
Short Blades   | 2 3 4 5 |  5.3
Dodging        | 3 4 5 |  5.7
Spellcasting   | 3 4 |  4.8
Fighting       | 1 2 |  2.2

Action                     |  1- 3 |  4- 6 |  7- 9 || total
---------------------------+-------+-------+-------++-------
  Melee: Dagger            |   135 |    78 |       ||   213
         Bite              |    18 |    16 |    22 ||    56
         Punch             |     1 |     1 |     3 ||     5
         Short sword       |       |    43 |   236 ||   279
   Cast: Ensorcelled Hiber |     4 |    11 |    35 ||    50
         Tukima's Dance    |       |     6 |    22 ||    28
         Confusing Touch   |       |     2 |    15 ||    17
         Dazzling Flash    |       |       |     1 ||     1
  Evoke: Wand              |       |     3 |       ||     3
    Use: Scroll            |       |     5 |     5 ||    10
         Potion            |       |       |     1 ||     1
   Stab: Sleeping          |    10 |    20 |    32 ||    62
         Confused          |       |     2 |    11 ||    13
         Invisible         |       |       |     2 ||     2
         Distracted        |       |       |     1 ||     1
 Armour: Robe              |    19 |    32 |    34 ||    85
  Dodge: Dodged            |    82 |   106 |   171 ||   359

Table legend: (Time is in decaauts)
 A = Elapsed time spent in this place.
 B = Non-inter-level travel time spent in this place.
 C = Inter-level travel time spent in this place.
 D = Time resting spent in this place.
 E = Time spent auto-exploring this place.
 F = Levels seen in this place.
 G = Mean time per level.
                   A        B        C        D        E       F      G
               +--------+--------+--------+--------+--------+-----+--------+
         Total |   6995 |   6807 |    188 |      0 |   5121 |   9 |  777.2 |
       Dungeon |   6934 |   6752 |    182 |      0 |   5078 |   8 |  866.8 |
        Temple |     60 |     54 |      6 |      0 |     43 |   1 |   60.0 |
               +--------+--------+--------+--------+--------+-----+--------+

Top non-repeatable levels by time:
     D:5: 1432 daAuts
     D:6: 1087 daAuts
     D:7: 975 daAuts
     D:1: 893 daAuts
     D:2: 874 daAuts
     D:4: 827 daAuts
     D:3: 753 daAuts
     D:8: 90 daAuts
  Temple: 60 daAuts
